 Dungeon Crawl Stone Soup version 0.23.2-1-ga50397a6bc (webtiles) character file.

Game seed: 18322577229650926188

751 Bb4Qf6 the Chopper (level 7, -1/67 HPs)
             Began as a Deep Dwarf Fighter on May 28, 2019.
             Slain by an orc warrior
             ... wielding a +1 hand axe of flaming
              (9 damage)
             ... on level 4 of the Dungeon.
             The game lasted 00:08:32 (2391 turns).

Bb4Qf6 the Chopper (Deep Dwarf Fighter)             Turns: 2391, Time: 00:08:32

Health: -1/67      AC:  8    Str: 22    XL:     7   Next: 49%
Magic:  4/4        EV: 10    Int:  8    God:
Gold:   172        SH:  9    Dex: 12    Spells: 6/6 levels left

rFire    . . .     SeeInvis .   a - +0 war axe
rCold    . . .     Gourm    .   c - +0 shield
rNeg     . . .     Faith    .   b - +0 scale mail
rPois    .         Spirit   .   r - +0 helmet
rElec    .         Reflect  .   (no cloak)
rCorr    .         Harm     .   (no gloves)
MR       +....                  (no boots)
Stlth    ..........             (no amulet)
HPRegen  0.00/turn              o - +1 ring of evasion
MPRegen  0.09/turn              x - ring of wizardry

@: non-regenerating
A: damage resistance, heal wounds, sense surroundings 1, no regeneration
a: Heal Wounds


You were on level 4 of the Dungeon.
You were not hungry.

You visited 1 branch of the dungeon, and saw 4 of its levels.

You collected 172 gold pieces.

Inventory:

Hand Weapons
 a - a +0 war axe (weapon)
Armour
 b - a +0 scale mail (worn)
 c - a +0 shield (worn)
 r - a +0 helmet (worn)
Jewellery
 o - a +1 ring of evasion (left hand)
 x - a ring of wizardry (right hand)
Wands
 s - a wand of clouds (6)
 w - a wand of iceblast (7)
Scrolls
 e - 2 scrolls of immolation
 i - 2 scrolls of magic mapping
 k - 3 scrolls of remove curse
Potions
 d - 2 potions of might
 g - a potion of flight
 h - a potion of mutation {unknown}
 j - a potion of lignification {unknown}
 l - a potion of magic {unknown}
 m - 4 potions of curing {unknown}
 n - a potion of heal wounds {unknown}
 p - a potion of degeneration {unknown}
 u - a potion of brilliance {unknown}
 v - a potion of cancellation {unknown}
Comestibles
 f - 4 rations
 q - a chunk of flesh


   Skills:
 * Level 5.4 Fighting
 * Level 5.8 Axes
 - Level 4.7 Armour
 - Level 2.8 Dodging
 - Level 3.2 Shields


You had 6 spell levels left.
You didn't know any spells.
Your spell library was empty.

Dungeon Overview and Level Annotations

Branches:
Dungeon (4/15)
 Temple: D:4-7

Altars:
Hepliaklqana
Okawaru

Annotations:
D:3 1 exclusion
D:4 3 runed translucent doors, Mrkan's ghost, amateur DrGl; u8823's ghost, amateur DDFi


Innate Abilities, Weirdness & Mutations

You are resistant to damage.
You can heal yourself by infusing magical energy.
You passively map a small area around you.
You do not regenerate.


Message History

The orc warrior is heavily wounded.
You closely miss the orc. The orc closely misses you.
The orc warrior hits you with a +1 hand axe of flaming!
* * * LOW HITPOINT WARNING * * *
The orc warrior burns you!
* * * LOW HITPOINT WARNING * * *
The orc closely misses you.
You feel much better.
The orc warrior hits you with a +1 hand axe of flaming!
The orc warrior burns you. You block the orc's attack.
You barely miss the orc warrior.
The orc warrior is heavily wounded.
You closely miss the orc.
The orc warrior hits you with a +1 hand axe of flaming!
* * * LOW HITPOINT WARNING * * *
The orc warrior burns you.
* * * LOW HITPOINT WARNING * * *
You block the orc's attack.
The orc warrior hits you with a +1 hand axe of flaming!
You die...

******* *,,...,,,
*,,,,,* ***#.#***
*****,***,* #######.#
*,,,,,* *,*
#####.....#.#
*,***,***,*
##...........#### *,*
*,,,,,*
#................ *,*
***,***
#..###^#...#.###.
**,*****.#######..#
#.....#.# #.
*,,,,,,,......o@..#
####.##.# #.
*,,,***,$.....o...#
#.##.# #.
*,,,,,,,.....<.####
#....# #.
*,,,****######.*
#..### #. *,***
****#.** #..# #.
**,********,,,..,****
#..# #.
,,,,,**,,,*,*,.?,,,,*
#..# *,
,,,,,,,,,,,,,.#.,**,*
#..#****,
***,****,,,*,,*,,**,*
*,,,,,,,,


You could see an orc warrior and an orc.

Vanquished Creatures
  Sigmund (D:3)
  A bullfrog (D:2)
  4 orc priests
  Jessica (D:2)
  An iguana (D:4)
  Natasha (thrice) (D:3)
  An orc wizard (D:2)
  3 worker ants
  Robin (D:3)
  3 adders (D:2)
  2 shadow imps (D:3)
  An ooze (D:3)
  3 worms
  3 dart slugs
  3 leopard geckos
  12 orcs
  3 giant cockroaches
  13 goblins
  18 hobgoblins
  10 jackals
  12 kobolds
  2 quokkas
  8 bats
  7 frilled lizards
  A leopard gecko skeleton (D:4)
  4 rats
121 creatures vanquished.

Vanquished Creatures (others)
  2 withered plants (D:4)
2 creatures vanquished.

Grand Total: 123 creatures vanquished

Notes
Turn   | Place    | Note
-------+----------+-------------------------------------------
     0 | D:1      | Bb4Qf6 the Deep Dwarf Fighter began the quest for the Orb.
     0 | D:1      | Reached XP level 1. HP: 20/20 MP: 1/1
    81 | D:1      | Reached XP level 2. HP: 25/27 MP: 2/2
   413 | D:1      | Reached XP level 3. HP: 22/34 MP: 3/3
   500 | D:1      | You fall through a shaft!
   559 | D:2      | Found a faded altar of an unknown god.
   559 | D:2      | Noticed a bullfrog
   571 | D:2      | Reached skill level 1 in Dodging
   584 | D:2      | Killed a bullfrog
   584 | D:2      | Reached XP level 4. HP: 39/43 MP: 3/3
   667 | D:2      | Noticed Jessica
   682 | D:2      | Killed Jessica
   805 | D:2      | Reached XP level 5. HP: 34/50 MP: 4/4
  1343 | D:2      | Reached XP level 6. HP: 34/57 MP: 4/4
  1475 | D:3      | Noticed Robin
  1481 | D:3      | Noticed Sigmund
  1512 | D:3      | Killed Robin
  1513 | D:3      | Killed Sigmund
  1638 | D:3      | Noticed Natasha
  1658 | D:3      | Killed Natasha
  1658 | D:3      | Reached skill level 5 in Axes
  1658 | D:3      | Reached XP level 7. HP: 47/66 MP: 5/5
  1785 | D:3      | Found a transporter.
  1800 | D:3      | Noticed Natasha
  1810 | D:3      | Found a transporter.
  1901 | D:3      | Killed Natasha
  1914 | D:3      | Found an iron altar of Okawaru.
  2026 | D:3      | Noticed Natasha
  2039 | D:3      | Killed Natasha
  2039 | D:3      | Reached skill level 5 in Fighting
  2256 | D:4      | Found a runed translucent gate.
  2265 | D:4      | Found a hazy altar of Hepliaklqana.
  2269 | D:4      | Found a runed translucent gate.
  2270 | D:4      | Found a runed translucent gate.
  2271 | D:4      | Noticed u8823's ghost (amateur DDFi)
  2272 | D:4      | Noticed Mrkan's ghost (amateur DrGl)
  2391 | D:4      | Slain by an orc warrior

Skill      XL: |  1  2  3  4  5  6  7 |
---------------+----------------------+-----
Fighting       | 3 4 5 |  5.4
Dodging        | 1 2 |  2.8
Axes           | 3 4 5 |  5.8
Armour         | 4 |  4.7
Shields        | |  3.2

Action                   |  1- 3 |  4- 6 |  7- 9 || total
-------------------------+-------+-------+-------++-------
Melee: War axe           |   100 |   200 |    81 ||   381
 Abil: Heal Wounds       |     2 |     5 |     3 ||    10
Evoke: Wand              |       |       |     4 ||     4
  Use: Scroll            |       |     4 |     3 ||     7
       Potion            |       |     1 |       ||     1
  Eat: Chunk             |       |     3 |     3 ||     6
Armor: Scale mail        |    51 |   112 |    28 ||   191
Dodge: Dodged            |    37 |    88 |    48 ||   173
Block: Shield            |    62 |   122 |    48 ||   232
